 Dungeon Crawl Stone Soup version 0.27.0-1-g7a089689b8 (webtiles) character file.

Game seed: 3065407922868872553

25948 DemonSlayer the Cleaver (level 13, 0/101 HPs)
             Began as a Human Berserker on Aug 11, 2021.
             Was an Elder of Trog.
             Shot with an arrow by Nessos (7 damage)
             ... on level 13 of the Dungeon.
             The game lasted 01:18:26 (30887 turns).

DemonSlayer the Cleaver (Human Berserker)          Turns: 30887, Time: 01:18:29

Health: 0/101      AC: 18    Str: 20    XL:     13   Next: 54%
Magic:  13/13      EV:  8    Int:  8    God:    Trog [****..]
Gold:   184        SH: 16    Dex: 15    Spells: 12/12 levels left

rFire    . . .     SeeInvis .   B - +5 broad axe (drain)
rCold    . . .     Faith    .   k - +5 kite shield
rNeg     . . .     Spirit   .   F - +3 chain mail {rPois}
rPois    +         Reflect  .   (no helmet)
rElec    .         Harm     .   o - +0 cloak
rCorr    +         Rampage  .   w - +1 pair of gloves
Will     .....                  (no boots)
Stlth    ..........             (no amulet)
HPRegen  0.26/turn              d - ring of resist corrosion
MPRegen  0.13/turn              r - ring of poison resistance

@: no status effects
A: no striking features
a: Renounce Religion, Berserk, Trog's Hand, Brothers in Arms


You were on level 13 of the Dungeon.
You worshipped Trog.
Trog was greatly pleased with you.
You visited 1 branch of the dungeon, and saw 13 of its levels.

You collected 552 gold pieces.
You spent 368 gold pieces at shops.

Inventory:

Hand Weapons
 b - a +7 vorpal war axe
 y - a +3 battleaxe
 z - a +2 battleaxe
 B - a +5 broad axe of draining (weapon)
 C - a +0 battleaxe
 H - a +3 vorpal great mace
Missiles
 c - 61 poisoned darts
 g - 6 atropa-tipped darts
 l - 4 silver boomerangs (quivered)
 v - 25 boomerangs
 x - 9 curare-tipped darts
Armour
 f - a +0 tower shield
 h - +0 ice dragon scales
 k - a +5 kite shield (worn)
 o - a +0 cloak (worn)
 q - a +0 plate armour
 w - a +1 pair of gloves (worn)
 F - a +3 chain mail of poison resistance (worn)
Jewellery
 d - a ring of resist corrosion (left hand)
 r - a ring of poison resistance (right hand)
Wands
 a - a wand of iceblast (31)
 j - a wand of flame (36)
 A - a wand of polymorph (5)
 I - a wand of charming (11)
Scrolls
 s - 3 scrolls of teleportation
 u - a scroll of magic mapping
 G - 3 scrolls of identify
Potions
 m - 6 potions of attraction {unknown}
 p - a potion of cancellation {unknown}
 t - 3 potions of lignification
 D - 2 potions of flight {unknown}


   Skills:
 + Level 9.2 Fighting
 + Level 13.6 Axes
 + Level 5.3 Throwing
 + Level 10.6 Armour
 + Level 4.0 Dodging
 + Level 2.7 Stealth
 + Level 8.2 Shields
 + Level 1.8 Evocations


You had 12 spell levels left.
You didn't know any spells.
Your spell library was empty.

Dungeon Overview and Level Annotations

Branches:
Dungeon (13/15) Temple (0/1) D:6 Lair (0/6) D:9 Orc (0/2) D:11 Vaults (0/5) D:12 D:13

Altars:
Trog
Xom
Yredelemnul
The Shining One
Beogh

Shops:
D:1 (   D:5 :   D:10 =?*?   D:11 [??(   D:12 (

Annotations:
D:11 3 runed translucent doors, Smaepdii's ghost, journeyman MiBe
D:13 Nessos


Message History

Nessos shoots an arrow.
The arrow barely misses you.
You throw a javelin. The javelin barely misses Nessos.
Nessos blinks!
Nessos shoots an arrow.
The arrow hits you! The arrow burns you.
Nessos blinks!
You are too injured to fight recklessly!
You feel much better.
Nessos blinks!
Nessos shouts, "I'm half human!
Half horse!
And all stone-cold KILLER!"
Nessos unwields a +2 longbow of flaming.
It stops flaming.
Nessos wields a +0 flail.
You block Nessos's attack. x2
Okay, then.
You completely miss Nessos.
Nessos is severely wounded.
You block Nessos's attack. Nessos kicks you but does no damage.
Nessos blinks!
You throw a poisoned dart. The poisoned dart hits Nessos.
Nessos is poisoned.
Nessos is severely wounded.
Nessos unwields a +0 flail.
Nessos wields a +2 longbow of flaming.
It bursts into flame!
Nessos shoots an arrow.
You block the arrow.
You throw a silver boomerang. The silver boomerang hits Nessos.
Nessos is almost dead.
Nessos blinks!
Nessos shoots an arrow.
The arrow hits you. The arrow burns you.
Nessos shoots an arrow.
The arrow hits you!! The arrow burns you.
You are too injured to fight recklessly!
You feel better.
Nessos shoots an arrow.
The arrow hits you!!
* * * LOW HITPOINT WARNING * * *
The arrow burns you.
* * * LOW HITPOINT WARNING * * *
Nessos shoots an arrow.
You block the arrow.
Okay, then.
You feel better.
Nessos blinks!
Nessos shoots an arrow.
You block the arrow.
Nessos shoots an arrow.
You block the arrow.
Nessos shoots an arrow.
The arrow hits you!
* * * LOW HITPOINT WARNING * * *
The arrow burns you.
* * * LOW HITPOINT WARNING * * *
As you read the scroll of fog, it crumbles to dust.
The scroll dissolves into smoke.
Nessos shoots an arrow.
The arrow hits you!
* * * LOW HITPOINT WARNING * * *
The arrow burns you.
* * * LOW HITPOINT WARNING * * *
Nessos shoots an arrow.
The arrow hits you!
You die...

###### #..(# #....#
#...# ....# #...#
#..# #...#
#..###...##########
#..................
#§.............B...
#§§#######.........
#§@# #...###..#
#§§# #...# ..# #§.#
#...# ..# #..# #...
..# .((# #... ..#
#..c# #... ..#
#.(.# #... #(.(.
#####


You could see Nessos (fast, poisoned).

Vanquished Creatures
  An ice dragon (D:12)
  A boulder beetle (D:13)
  A centaur warrior (D:13)
  5 two-headed ogres
  Urug (D:13)
  Pikel (D:4)
  An ugly thing (D:12)
  2 deep elf pyromancers (D:12)
  A manticore (D:12)
  3 slime creatures (D:12)
  A gargoyle (D:12)
  An unseen horror (D:13)
  Maggie (D:9)
  3 kobold demonologists
  A komodo dragon (D:11)
  3 trolls
  A hornet (D:9)
  Grinder (D:5)
  A wyvern (D:8)
  Eustachio (D:4)
  2 shadows
  11 yaks (D:10)
  15 humans
  4 acid dragons
  Duvessa (D:5)
  A water moccasin (D:7)
  5 orc warriors
  4 black bears
  An ice beast (D:7)
  2 sky beasts
  A necrophage (D:10)
  3 wolves (D:9)
  5 ogres
  3 centaurs
  A lemure (D:4)
  14 kobold brigands
  A gnoll sergeant (D:11)
  2 bullfrogs (D:6)
  3 scorpions
  Dowan (D:5)
  A water moccasin zombie (D:5)
  6 killer bees
  7 wights (D:8)
  3 howler monkeys (D:9)
  2 electric eels (D:9)
  A bullfrog zombie (D:4)
  15 centaur zombies
  9 hounds
  A centaur skeleton (D:5)
  3 bullfrog skeletons
  A gnoll shaman (D:8)
  9 orc priests
  A human zombie (D:10)
  An iguana (D:6)
  9 orc wizards
  Ijyb (D:5)
  3 hound zombies (D:4)
  2 hound skeletons (D:4)
  A mummy (D:10)
  Robin (D:4)
  3 howler monkey zombies
  5 adders
  A howler monkey skeleton (D:7)
  16 gnolls
  A white imp (D:5)
  An ufetubus (D:7)
  3 adder skeletons (D:4)
  2 adder zombies (D:4)
  4 worms
  2 dart slugs
  46 orcs
  11 ball pythons
  3 bats
  10 endoplasms
  4 giant cockroaches
  16 goblins
  14 hobgoblins
  10 jackals
  33 kobolds
  7 quokkas
  2 frilled lizards
  3 rats (D:1)
385 creatures vanquished.

Vanquished Creatures (collateral kills)
  Erica (D:9)
  An orc priest (D:9)
  3 orcs (D:9)
  2 kobolds (D:9)
7 creatures vanquished.

Vanquished Creatures (others)
  An orc wizard (D:9)
  2 withered plants
3 creatures vanquished.

Grand Total: 395 creatures vanquished

Notes
Turn   | Place    | Note
-------+----------+-------------------------------------------
     0 | D:1      | DemonSlayer the Human Berserker began the quest for the
                  | Orb.
     0 | D:1      | Reached XP level 1. HP: 18/18 MP: 1/1
    13 | D:1      | Reached XP level 2. HP: 24/24 MP: 2/2
   479 | D:1      | Reached XP level 3. HP: 29/29 MP: 3/3
  1830 | D:1      | Found Plog's Antique Weapon Shop.
  1940 | D:1      | Reached XP level 4. HP: 32/36 MP: 4/4
  2266 | D:2      | Reached ** piety under Trog
  2398 | D:2      | Reached skill level 4 in Axes
  2400 | D:2      | Reached XP level 5. HP: 21/42 MP: 5/5
  3963 | D:3      | Reached XP level 6. HP: 48/48 MP: 6/6
  4160 | D:3      | Reached *** piety under Trog
  4546 | D:3      | Noticed a black bear
  4555 | D:3      | Killed a black bear
  4556 | D:3      | Reached skill level 5 in Axes
  4556 | D:3      | Reached skill level 1 in Shields
  5017 | D:4      | Noticed a black bear
  5027 | D:4      | Killed a black bear
  5028 | D:4      | Reached XP level 7. HP: 54/54 MP: 7/7
  6300 | D:4      | Noticed Pikel
  6322 | D:4      | Killed Pikel
  6323 | D:4      | Reached skill level 6 in Axes
  6323 | D:4      | Reached XP level 8. HP: 16/61 MP: 8/8
  7126 | D:4      | Reached skill level 5 in Armour
  7403 | D:4      | Reached skill level 7 in Axes
  8297 | D:4      | Noticed Eustachio
  8635 | D:4      | Killed Eustachio
  8636 | D:4      | Reached skill level 5 in Fighting
  8636 | D:4      | Reached XP level 9. HP: 68/68 MP: 9/9
  8784 | D:4      | Noticed Robin
  8797 | D:4      | Killed Robin
  9632 | D:5      | Entered Level 5 of the Dungeon
  9673 | D:5      | Noticed Grinder
  9688 | D:5      | Paralysed by Grinder for 6 turns
  9713 | D:5      | Killed Grinder
 10476 | D:1      | Bought a glowing war axe for 188 gold pieces
 10956 | D:5      | Found a large runed translucent door.
 10957 | D:5      | Found a large runed translucent door.
 10979 | D:5      | Identified the +1 leather armour of Sin {Str+4}
 11052 | D:5      | Noticed Ijyb
 11056 | D:5      | Noticed Dowan
 11057 | D:5      | Noticed Duvessa
 11644 | D:5      | Killed Duvessa
 11645 | D:5      | Reached skill level 8 in Axes
 11646 | D:5      | Killed Dowan
 11688 | D:5      | Reached skill level 1 in Evocations
 11688 | D:5      | Killed Ijyb
 12171 | D:5      | Found Udya's Book Shoppe.
 12322 | D:5      | Found a bloodstained altar of Trog.
 12332 | D:5      | Found a shimmering altar of Xom.
 13392 | D:6      | Reached skill level 1 in Throwing
 13780 | D:6      | Found a staircase to the Ecumenical Temple.
 13965 | D:6      | Reached XP level 10. HP: 68/76 MP: 10/10
 14825 | D:7      | Reached **** piety under Trog
 15263 | D:7      | Reached skill level 1 in Stealth
 15428 | D:8      | Noticed a two-headed ogre
 15437 | D:8      | Killed a two-headed ogre
 15438 | D:8      | Reached skill level 9 in Axes
 17926 | D:8      | Found a glowing golden altar of the Shining One.
 18190 | D:9      | Reached skill level 5 in Shields
 18194 | D:9      | Reached skill level 10 in Axes
 18194 | D:9      | Reached XP level 11. HP: 30/83 MP: 11/11
 19452 | D:9      | Found a staircase to the Lair.
 20026 | D:9      | Noticed Maggie
 20039 | D:9      | Killed Maggie
 20338 | D:9      | Noticed Erica
 20345 | D:9      | Killed Erica
 20876 | D:9      | Noticed a two-headed ogre
 20886 | D:9      | Killed a two-headed ogre
 20887 | D:9      | Reached skill level 11 in Axes
 21763 | D:10     | Entered Level 10 of the Dungeon
 21763 | D:10     | Found Ostropuo's Jewellery Shop.
 22060 | D:10     | Found Tivvuad's Book Boutique.
 22105 | D:10     | Reached XP level 12. HP: 65/91 MP: 12/12
 22353 | D:10     | You fall into a shaft and drop 3 floors!
 23034 | D:12     | Noticed a two-headed ogre
 23072 | D:12     | Found a shimmering altar of Xom.
 23073 | D:12     | Found a shimmering altar of Xom.
 23073 | D:12     | Found a shimmering altar of Xom.
 23073 | D:12     | Found a shimmering altar of Xom.
 23074 | D:12     | Found a shimmering altar of Xom.
 23074 | D:12     | Found a shimmering altar of Xom.
 23075 | D:12     | Found a shimmering altar of Xom.
 23150 | D:11     | Found a staircase to the Orcish Mines.
 23436 | D:11     | Found Kunlauf's Magic Scroll Shop.
 23513 | D:11     | Found a portal to a secret trove of treasure.
 23869 | D:10     | Reached skill level 12 in Axes
 24159 | D:10     | Found a basalt altar of Yredelemnul.
 24209 | D:10     | Reached ***** piety under Trog
 24260 | D:10     | Found Qestre Zidug's Magic Scroll Boutique.
 24631 | D:10     | Found Fuschehumm's General Store.
 24640 | D:10     | Found Dafiw's Magic Scroll Emporium.
 25038 | D:11     | Found Rum Kucis's Antique Weapon Shop.
 25054 | D:11     | Found Gumogon's Magic Scroll Shoppe.
 25076 | D:11     | Bought a scroll of enchant armour for 90 gold pieces
 25076 | D:11     | Bought a scroll of enchant weapon for 90 gold pieces
 25221 | D:11     | Found a runed translucent gate.
 25221 | D:11     | Found a runed translucent gate.
 25221 | D:11     | Found a runed translucent gate.
 25318 | D:11     | Noticed Smaepdii's ghost (journeyman MiBe)
 25397 | D:11     | Found Ytetreg's Antique Armour Emporium.
 25716 | D:11     | Noticed a two-headed ogre
 25726 | D:11     | Killed a two-headed ogre
 26102 | D:12     | Found Maqaisag's Antique Weapon Emporium.
 26319 | D:12     | Reached XP level 13. HP: 38/99 MP: 13/13
 26613 | D:12     | Reached skill level 10 in Armour
 27305 | D:12     | Reached skill level 13 in Axes
 27305 | D:12     | Reached skill level 5 in Throwing
 28083 | D:12     | Noticed an ettin
 28230 | D:13     | Found a gate to the Vaults.
 28230 | D:13     | Noticed Urug
 28230 | D:13     | Noticed Nessos
 28230 | D:13     | Noticed an ice dragon
 28443 | D:12     | Killed an ice dragon
 28759 | D:13     | Noticed a centaur warrior
 28770 | D:13     | Killed a centaur warrior
 28836 | D:13     | Noticed a boulder beetle
 29621 | D:13     | Killed Urug
 30826 | D:13     | Killed a boulder beetle
 30887 | D:13     | Shot with an arrow by Nessos

Illustrated notes

Levels and vault maps discovered:
D:1:      lemuel_arrival_rhombus, layout_basic, serial_shops, shop,
          minmay_split_cup_small
D:2:      layout_rooms, minmay_crystal_room
D:3:      minmay_general_purpose_star, layout_basic, kennysheep_cross_room
D:4:      cheibrodos_pilgrimage, layout_layer_cave, serial_undead,
          serial_undead_d, serial_undead_e, serial_undead_a, serial_undead_b,
          serial_undead_f, serial_undead_a, minmay_vboxes, uniq_pikel,
          uniq_eustachio, uniq_robin
D:5:      layout_basic, jmf_multi_god_temple2, serial_shops,
          nicolae_shop_statue_plus, uniq_duvessa, uniq_grinder, uniq_ijyb
D:6:      layout_basic, minmay_temple_entry_ruins
D:7:      layout_rooms, chequers_arboretum
D:8:      layout_loops_ring, tso_oasis_becter
D:9:      layout_roguey, erik_lair_island, special_room [special_room_kobold],
          uniq_maggie, uniq_erica
D:10:     layout_rooms, lemuel_mausoleum_altar_yredelemnul, serial_shops,
          nicolae_lakefront_shop, nicolae_shop_behind_doors,
          nicolae_square_shop, nicolae_stop_n_shop_2, shop, st_stairs_8
D:11:     layout_basic, minmay_orc_entry_temple_small,
          nicolae_trove_entry_crossroad, gammafunk_ghost_icy, serial_shops,
          shop, nicolae_shop_statue_plus, kennysheep_mini,
          nicolae_stop_n_shop_2, kennysheep_small_square
D:12:     layout_loops_cross, serial_shops, kennysheep_mini_moat,
          xom_shifter_show
D:13:     layout_small_grid, david_vaults_3, gammafunk_ghost_arena,
          kiku_gazebo_garden_becter

Skill      XL: |  1  2  3  4  5  6  7  8  9 10 11 12 13 |
---------------+----------------------------------------+-----
Axes           | 4 5 6 7 8 10 11 12 13 | 13.6
Armour         | 3 4 5 6 8 9 10 | 10.6
Fighting       | 4 5 6 7 8 9 |  9.2
Shields        | 1 2 3 4 5 7 8 |  8.2
Dodging        | 3 4 |  4.0
Evocations     | 1 |  1.8
Throwing       | 2 3 4 5 |  5.3
Stealth        | 1 2 |  2.7

Action                   |  1- 3 |  4- 6 |  7- 9 | 10-12 | 13-15 || total
-------------------------+-------+-------+-------+-------+-------++-------
Melee: Hand axe          |    81 |   126 |   211 |       |       ||   418
       War axe           |       |       |    64 |   541 |    19 ||   624
       Broad axe         |       |       |       |       |    96 ||    96
Throw: Dart              |       |       |    35 |    48 |    15 ||    98
       Boomerang         |       |       |       |    19 |     8 ||    27
       Javelin           |       |       |       |       |     6 ||     6
Invok: Berserk           |     4 |     9 |    14 |    28 |     8 ||    63
       Trog's Hand       |       |       |     1 |     3 |       ||     4
       Brothers in Arms  |       |       |       |     2 |       ||     2
Evoke: Wand              |       |       |    11 |     8 |       ||    19
  Use: Scroll            |       |       |    17 |    10 |     8 ||    35
       Potion            |       |       |     1 |     4 |     7 ||    12
 Stab: Distracted        |       |       |       |     1 |       ||     1
       Invisible         |       |       |       |     3 |       ||     3
Armor: Animal skin       |     3 |       |       |       |       ||     3
       Chain mail        |    60 |    91 |   158 |   103 |    41 ||   453
       Plate armour      |       |       |       |   243 |    60 ||   303
Dodge: Dodged            |    42 |    43 |    56 |   126 |    32 ||   299
Block: Kite shield       |       |    71 |   147 |   353 |   121 ||   692
